 Dungeon Crawl Stone Soup version 0.31.0-12-g77e489cdc1 (webtiles) character file.

Game seed: 5863409801009130407

356 Curundu the Chopper (level 6, -12/56 HPs)
             Began as a Minotaur Berserker on Mar 3, 2024.
             Was a Believer of Trog.
             Mangled by Menkaure (20 damage)
             ... on level 4 of the Dungeon.
             The game lasted 00:07:39 (2991 turns).

Curundu the Chopper (Minotaur Berserker)            Turns: 2991, Time: 00:07:40

Health: -12/56     AC: 10    Str: 24    XL:     6   Next: 36%
Magic:  5/5        EV:  9    Int:  4    God:    Trog [**....]
Gold:   152        SH:  0    Dex:  9    Spells: 5/5 levels left

rFire   . . .        a - +0 hand axe
rCold   . . .        (no shield)
rNeg    . . .        u - +0 chain mail
rPois   .            (helmet restricted)
rElec   .            (no cloak)
rCorr   .            e - +0 pair of gloves
SInv    .            (no boots)
Will    .....        (no amulet) Stlth
                     (no ring)
HPRegen 0.29/turn    (no ring)
MPRegen 0.09/turn

%: no passive effects
@: on berserk cooldown, slowed, very slow
A: horns 2, retaliatory headbutt
a: Renounce Religion, Berserk, Trog's Hand


You were on level 4 of the Dungeon.
You worshipped Trog.
Trog was pleased with you.
You visited 1 branch of the dungeon, and saw 4 of its levels.

You collected 152 gold pieces.

Inventory:

Hand Weapons
 a - a +0 hand axe (weapon)
Missiles
 l - 5 boomerangs (quivered)
Armour
 e - a +0 pair of gloves (worn)
 u - a +0 chain mail (worn)
Jewellery
 c - a ring of resist corrosion
Scrolls
 d - 2 scrolls of identify {unknown}
 f - 2 scrolls of blinking {unknown}
 g - a scroll of fog {unknown}
 m - 2 scrolls of teleportation {unknown}
 q - a scroll of enchant armour {unknown}
 s - a scroll of brand weapon {unknown}
Potions
 h - 2 potions of mutation {unknown}
 i - a potion of berserk rage {unknown}
 j - a potion of cancellation {unknown}
 k - 2 potions of haste {unknown}
 n - 2 potions of invisibility {unknown}
 o - a potion of lignification {unknown}
 p - a potion of heal wounds {unknown}
 r - 2 potions of brilliance {unknown}
 t - a potion of enlightenment {unknown}


   Skills:
 + Level 5.2 Fighting
 + Level 6.0 Axes
 + Level 2.6 Armour
 + Level 4.3 Dodging
 + Level 1.5 Stealth


You had 5 spell levels left.
You didn't know any spells.
Your spell library was empty.

Dungeon Overview and Level Annotations

Branches:
Dungeon (4/15)
 Temple: D:4-7

Altars:

Shops:
D:4 :

Annotations:
D:4 Menkaure


Innate Abilities, Weirdness & Mutations

You have a pair of horns on your head.
You reflexively headbutt those who attack you in melee.


Message History

The gnoll hits you from afar with a +0 halberd.
The gnoll hits you but does no damage.
A red film seems to cover your vision as you go berserk!
You feel yourself moving faster!
You feel mighty!
Menkaure, Prince of Dust comes into view.
The gnoll hits you but does no damage. The gnoll barely misses you.
You barely miss the gnoll.
Menkaure shouts!
You headbutt the gnoll.
You kill the gnoll!
Trog accepts your kill.
Your Axes skill increases to level 6!
The gnoll hits you with a +0 halberd.
Menkaure rustles drily.
Things that are here:
a +0 club; a gnoll corpse
Okay, then.
You slash the gnoll!
The gnoll is severely wounded.
The gnoll closely misses you. You furiously retaliate!
You headbutt the gnoll.
You kill the gnoll!
Trog accepts your kill.
Things that are here:
a +0 halberd; a gnoll corpse You feel a strong urge to attack something.
You are no longer berserk.
You are exhausted.
You feel yourself slow down. Menkaure hits you!
* * * LOW HITPOINT WARNING * * *
You hit Menkaure. Your headbutt misses Menkaure.
Menkaure is lightly damaged.
Menkaure calls on the powers of darkness!
Your body is wracked with pain!
* * * LOW HITPOINT WARNING * * *
You hear a shout!
You hit Menkaure.
Menkaure is moderately damaged.
An orc comes into view. It is wielding a +0 whip.
Menkaure hits you!!
You die...

#..... #....#
#....## #....<#
#...)∩# #...))#
#..)..# #.....#
#..@..# #..M..#
...........
...............
.#...o#########
...... ##....
.....


You could see Menkaure and an orc.

Vanquished Creatures
  Sigmund (D:3)
  4 gnolls (D:4)
  9 adders
  2 ribbon worms (D:3)
  A dart slug (D:3)
  3 orcs (D:3)
  2 ball pythons (D:3)
  8 endoplasms
  5 giant cockroaches
  7 goblins
  4 hobgoblins
  3 quokkas
  5 bats
  2 frilled lizards (D:1)
  8 kobolds
  8 rats
72 creatures vanquished.

Notes
Turn   | Place    | Note
-------+----------+-------------------------------------------
     0 | D:1      | Curundu the Minotaur Berserker began the quest for the Orb.
     0 | D:1      | Reached XP level 1. HP: 19/19 MP: 0/0
   134 | D:1      | Reached skill level 4 in Axes
   134 | D:1      | Reached XP level 2. HP: 24/27 MP: 1/1
   574 | D:1      | Reached ** piety under Trog
   849 | D:2      | Reached XP level 3. HP: 32/33 MP: 2/2
  1121 | D:2      | Reached XP level 4. HP: 41/41 MP: 3/3
  1239 | D:2      | Found a faded altar of an unknown god.
  1619 | D:2      | Reached skill level 5 in Axes
  1876 | D:3      | Noticed Sigmund
  1890 | D:3      | Killed Sigmund
  1891 | D:3      | Reached skill level 5 in Fighting
  1891 | D:3      | Reached skill level 1 in Stealth
  1891 | D:3      | Reached XP level 5. HP: 48/48 MP: 4/4
  2065 | D:3      | Reached XP level 6. HP: 56/56 MP: 5/5
  2974 | D:4      | Found Tedgh's Book Boutique.
  2983 | D:4      | Noticed Menkaure
  2985 | D:4      | Reached skill level 6 in Axes
  2991 | D:4      | Mangled by Menkaure

Illustrated notes

Levels and vault maps discovered:
D:1:      psy_arrival_radial01, layout_basic,
          nicolae_concentric_dashed_squares_wild, minmay_heptomino_o4
D:2:      layout_basic, chequers_ecumenical_altar_simple
D:3:      minmay_octagon_keep, layout_basic, kennysheep_generic_room_4,
          uniq_sigmund
D:4:      layout_basic, serial_shops, shop, minmay_puff, uniq_menkaure

Skill      XL: |  1  2  3  4  5  6 |
---------------+-------------------+-----
Axes           | 4 5 6 |  6.0
Fighting       | 4 5 |  5.2
Dodging        | 4 |  4.3
Stealth        | 1 |  1.5
Armour         | |  2.6

Action                     |  1- 3 |  4- 6 || total
---------------------------+-------+-------++-------
  Melee: Hand axe          |    80 |    75 ||   155
         Headbutt          |     5 |    11 ||    16
 Invoke: Berserk           |       |     2 ||     2
         Trog's Hand       |       |     1 ||     1
   Stab: Sleeping          |     1 |     3 ||     4
 Armour: Animal skin       |    43 |    29 ||    72
         Chain mail        |       |    18 ||    18
  Dodge: Dodged            |    57 |    59 ||   116
